 Dungeon Crawl Stone Soup version 0.26.1-11-gd32895ea62 (webtiles) character file.

Game seed: 6621373824257823624

303 octigp the Conjurer (level 6, -4/32 HPs)
             Began as a Deep Elf Conjurer on June 3, 2021.
             Slain by a wyvern (12 damage)
             ... on level 3 of the Dungeon.
             The game lasted 00:04:35 (2622 turns).

octigp the Conjurer (Deep Elf Conjurer)             Turns: 2622, Time: 00:04:35

Health: -4/32      AC:  2    Str:  6    XL:     6   Next: 15%
Magic:  6/14       EV: 14    Int: 23    God:
Gold:   158        SH:  0    Dex: 13    Spells: 13/14 levels left

rFire    . . .     SeeInvis .   (no weapon)
rCold    . . .     Faith    .   (no shield)
rNeg     . . .     Spirit   .   a - +0 robe
rPois    .         Reflect  .   (no helmet)
rElec    .         Harm     .   (no cloak)
rCorr    .         Rampage  .   (no gloves)
Will     .....                  (no boots)
Stlth    +++.......             (no amulet)
HPRegen  0.10/turn              (no ring)
MPRegen  0.14/turn              (no ring)

@: no status effects
A: no striking features
a: no special abilities


You were on level 3 of the Dungeon.
You visited 1 branch of the dungeon, and saw 3 of its levels.

You collected 158 gold pieces.

Inventory:

Armour
 a - a +0 robe (worn)
Scrolls
 c - 4 scrolls of magic mapping {unknown}
 h - a scroll of identify {unknown}
Potions
 b - 2 potions of cancellation {unknown}
 d - a potion of resistance {unknown}
 e - a potion of might {unknown}
 f - a potion of lignification {unknown}
 g - a potion of heal wounds {unknown}


   Skills:
 + Level 4.1 Dodging
 + Level 4.3 Stealth
 + Level 4.6 Spellcasting
 * Level 6.2 Conjurations


You had 13 spell levels left.
You knew the following spells:

 Your Spells              Type           Power        Failure   Level
a - Magic Dart            Conj           100%         1%          1

Your spell library contained the following spells:

 Spells                   Type           Power        Failure   Level
 Searing Ray              Conj           66%          1%          2
 Dazzling Flash           Conj/Hex       38%          9%          3
 Fulminant Prism          Conj/Hex       9%           26%         4
 Iskenderun's Mystic Bla  Conj/Tloc      19%          26%         4


Dungeon Overview and Level Annotations

Branches:
Dungeon (3/15)

Altars:
Cheibriados
Nemelex Xobeh


Message History

The wyvern hisses menacingly.
The wyvern closely misses you. The wyvern bites you!
Unknown command.
The wyvern bites you!
* * * LOW HITPOINT WARNING * * *
Casting: Magic Dart (safe; 1% risk of failure)
Confirm with . or Enter, or press ? or * to list all spells.
Aiming: Magic Dart (safe; 1% risk of failure)
Press: ? - help, Shift-Dir - straight line, f/p - wyvern
Aim: a wyvern (0% to evade)
The magic dart hits the wyvern.
The wyvern is lightly wounded.
The wyvern misses you. The wyvern barely misses you.
Casting: Magic Dart (safe; 1% risk of failure)
Confirm with . or Enter, or press ? or * to list all spells.
Okay, then.
The wyvern misses you. The wyvern bites you!
You die...

......####.#.....#.##.#.#
.........#.#.......##.#.#
.....###.#.#..........#.#
......##.#.#....#####.#.#
......##.#.#....# #.#.#.#
......##.#.#....# #...#.#
......##.#.#....# #.#.#.#
......##.#.#....###.#.#.#####.##
......##.#.#.#.†@l..............
#####.##.#.#.######...#.########
#......#.#......_...........
######.#.#o###....##.#######
#.#.#. #######.# #.#.#. #.#
#.#.#. #.# #.#.#. #.# #.#.#o #.#


You could see a wyvern.

Vanquished Creatures
  Grinder (D:3)
  8 adders
  An ooze (D:1)
  A worm (D:2)
  2 orcs (D:3)
  A giant cockroach (D:2)
  A hobgoblin (D:2)
  3 kobolds
  3 ball pythons (D:2)
  13 bats
  8 goblins
  7 rats
49 creatures vanquished.

Notes
Turn   | Place    | Note
-------+----------+-------------------------------------------
     0 | D:1      | octigp the Deep Elf Conjurer began the quest for the Orb.
     0 | D:1      | Reached XP level 1. HP: 10/10 MP: 6/6
   144 | D:1      | Found a sparkling altar of Nemelex Xobeh.
   281 | D:1      | Reached XP level 2. HP: 15/15 MP: 4/8
  1013 | D:2      | Reached XP level 3. HP: 19/19 MP: 6/9
  1211 | D:2      | Reached skill level 5 in Conjurations
  1475 | D:2      | Reached XP level 4. HP: 24/24 MP: 8/11
  2452 | D:3      | Found a snail-covered altar of Cheibriados.
  2454 | D:3      | Noticed Grinder
  2462 | D:3      | Paralysed by Grinder for 5 turns
  2469 | D:3      | Killed Grinder
  2470 | D:3      | Reached skill level 6 in Conjurations
  2470 | D:3      | Reached XP level 5. HP: 28/28 MP: 4/13
  2470 | D:3      | Reached XP level 6. HP: 32/32 MP: 4/14
  2609 | D:3      | Noticed a wyvern
  2622 | D:3      | Slain by a wyvern

Illustrated notes

Levels and vault maps discovered:
D:1:      dpeg_arrival_tiny_g, layout_basic, nemelex_xobeh_ov_fountains_minmay
D:2:      cheibrodos_helix_gallery, layout_loops_ring, roderic_serpentine_path
D:3:      minmay_diamond_boxcup, layout_basic, cheibriados_altar_1,
          portal_sewer_entry_e, uniq_grinder

Skill      XL: |  1  2  3  4 |
---------------+-------------+-----
Stealth        | 3 4 |  4.3
Dodging        | 3 4 |  4.1
Conjurations   | 5 6 |  6.2
Spellcasting   | 4 |  4.6

Action                   |  1- 3 |  4- 6 || total
-------------------------+-------+-------++-------
 Cast: Magic Dart        |    56 |    47 ||   103
Armor: Robe              |     3 |       ||     3
Dodge: Dodged            |     9 |    10 ||    19
